General information
- name: BNet
- type: Ladder team game (AT/RT)
- host: Battle.net
- saver: bLinn
map: Highperch
- players: 6
- length: 54:53
- speed: Fast
- version: 1.21 W3XP
- replay type:

» download(282 KB)
Players
team 1 (loser)

»
rusted_alloy (
orange | 39 APM | 2133 actions | 54:29)
4 Death Knight
2 Death Coil
2 Unholy Aura
2 Dreadlord
1 Vampiric Aura
1 Sleep
» actions
| Assign group hotkey | 24 | |
| Basic commands | 150 | |
| Build / train | 69 | |
| ESC pressed | 13 | |
| Enter build submenu | 35 | |
| Enter hero's abilities submenu | 6 | |
| Remove unit from queue | 1 | |
| Right click | 1101 | |
| Select / deselect | 417 | |
| Select group hotkey | 172 | |
| Use ability | 144 | |
2133 total
» units
| Acolyte | 12 | |
| Ghoul | 3 | |
| Crypt Fiend | 9 | |
| Meatwagon | 4 | |
| Obsidian Statue | 1 | |
| Frost Wyrm | 12 | |
41 total
» upgrades
| Creature Attack | 3 | |
| Web | 1 | |
| Freezing Breath | 1 | |
| Creature Carapace | 1 | |
6 total
» buildings
| Crypt | 3 | |
| Graveyard | 1 | |
| Ziggurat | 13 | |
| Nerubian Tower | 1 | |
| Altar of Darkness | 1 | |
| Tomb of Relics | 1 | |
| Spirit Tower | 3 | |
| Halls of the Dead | 4 | |
| Slaughterhouse | 1 | |
| Black Citadel | 1 | |
| Sacrificial Pit | 1 | |
| Boneyard | 2 | |
32 total
» build order
00:10 Crypt
00:14 Graveyard
00:17 Ziggurat
00:49 Crypt
01:15 Nerubian Tower
01:31 Altar of Darkness
01:47 Ziggurat
02:41 Tomb of Relics
02:56 Spirit Tower
04:12 Crypt
04:56 Ziggurat
05:44 Ziggurat
06:02 Halls of the Dead
06:03 Halls of the Dead
06:03 Halls of the Dead
08:26 Slaughterhouse
09:25 Spirit Tower
10:27 Ziggurat
10:55 Ziggurat
10:59 Ziggurat
11:01 Ziggurat
11:11 Ziggurat
11:15 Ziggurat
12:15 Spirit Tower
12:44 Black Citadel
12:52 Sacrificial Pit
15:16 Boneyard
15:20 Boneyard
17:37 Ziggurat
17:41 Ziggurat
28:15 Ziggurat
» items
| Dust of Appearance | 1 | |
| Rod of Necromancy | 1 | |
| Orb of Corruption | 1 | |
| Potion of Healing | 1 | |
4 total

»
shup_plz (
red | 31 APM | 1723 actions | 54:45)
3 Mountain King
1 Storm Bolt
2 Thunder Clap
1 Archmage
1 Summon Water Elemental
» actions
| Assign group hotkey | 33 | |
| Basic commands | 1 | |
| Build / train | 55 | |
| Enter build submenu | 19 | |
| Enter hero's abilities submenu | 4 | |
| Right click | 685 | |
| Select / deselect | 430 | |
| Select group hotkey | 438 | |
| Use ability | 58 | |
1723 total
» units
| Peasant | 8 | |
| Footman | 2 | |
| Rifleman | 7 | |
| Mortar Team | 14 | |
| Siege Engine | 7 | |
38 total
» upgrades
| Gunpowder | 1 | |
| Lumber Harvesting | 1 | |
| Flare | 1 | |
| Armor | 1 | |
| Plating | 1 | |
| Barrage | 1 | |
6 total
» buildings
| Altar of Kings | 1 | |
| Farm | 11 | |
| Barracks | 1 | |
| Lumber Mill | 1 | |
| Scout Tower | 1 | |
| Arcane Tower | 1 | |
| Blacksmith | 1 | |
| Keep | 1 | |
| Arcane Vault | 1 | |
| Workshop | 2 | |
| Castle | 1 | |
22 total
» build order
00:05 Altar of Kings
00:09 Farm
00:29 Barracks
00:57 Farm
01:26 Lumber Mill
01:36 Scout Tower
02:07 Arcane Tower
02:22 Blacksmith
03:35 Keep
03:50 Arcane Vault
05:38 Farm
06:14 Workshop
06:24 Farm
07:06 Farm
07:29 Workshop
08:16 Farm
08:45 Farm
08:54 Farm
09:30 Farm
10:56 Farm
15:38 Castle
23:28 Farm
» items
| Potion of Mana | 1 | |
| Potion of Healing | 1 | |
2 total

»
yo_its_drew (
pink | 65 APM | 3528 actions | 54:39)
3 Mountain King
2 Storm Bolt
1 Thunder Clap
5 Blood Mage
3 Flame Strike
1 Siphon Mana
1 Banish
» actions
| Assign group hotkey | 69 | |
| Basic commands | 26 | |
| Build / train | 100 | |
| ESC pressed | 28 | |
| Enter build submenu | 35 | |
| Enter hero's abilities submenu | 10 | |
| Give item / drop item | 1 | |
| Remove unit from queue | 7 | |
| Right click | 1236 | |
| Select / deselect | 722 | |
| Select group hotkey | 1191 | |
| Use ability | 101 | |
3528 total
» units
| Peasant | 13 | |
| Footman | 13 | |
| Sorceress | 2 | |
| Mortar Team | 4 | |
| Gryphon Rider | 12 | |
| Dragonhawk Rider | 10 | |
54 total
» upgrades
| Defend | 1 | |
| Swords | 3 | |
| Sorceress Training | 1 | |
| Masonry | 0 | |
| Lumber Harvesting | 2 | |
| Armor | 2 | |
| Storm Hammers | 1 | |
| Cloud | 1 | |
11 total
» buildings
| Altar of Kings | 1 | |
| Farm | 13 | |
| Barracks | 1 | |
| Scout Tower | 7 | |
| Keep | 1 | |
| Arcane Vault | 2 | |
| Arcane Tower | 3 | |
| Arcane Sanctum | 1 | |
| Blacksmith | 1 | |
| Lumber Mill | 1 | |
| Town Hall | 1 | |
| Guard Tower | 3 | |
| Workshop | 1 | |
| Castle | 1 | |
| Gryphon Aviary | 2 | |
39 total
» build order
00:22 Altar of Kings
00:26 Farm
00:38 Barracks
01:01 Farm
02:13 Farm
02:34 Farm
03:22 Scout Tower
03:37 Keep
04:01 Arcane Vault
04:03 Arcane Tower
05:29 Scout Tower
05:59 Arcane Tower
06:05 Farm
06:08 Arcane Sanctum
06:37 Farm
07:30 Blacksmith
08:34 Lumber Mill
09:00 Town Hall
09:03 Scout Tower
09:33 Scout Tower
09:43 Guard Tower
09:50 Scout Tower
10:05 Guard Tower
10:28 Guard Tower
10:57 Arcane Vault
11:53 Workshop
13:26 Farm
14:15 Farm
16:10 Castle
16:13 Gryphon Aviary
16:49 Gryphon Aviary
16:57 Scout Tower
18:08 Arcane Tower
18:19 Scout Tower
19:33 Farm
19:37 Farm
20:31 Farm
20:34 Farm
23:25 Farm
» items
| Dust of Appearance | 2 | |
| Potion of Healing | 3 | |
| Scroll of Regeneration | 2 | |
| Potion of Mana | 2 | |
| Potion of Lesser Invulnerability | 1 | |
10 total
team 2 (winner)
BEAR_AND (
yellow | 61 APM | 2688 actions | 43:55)
4 Archmage
2 Blizzard
2 Brilliance Aura
» actions
| Assign group hotkey | 8 | |
| Basic commands | 27 | |
| Build / train | 144 | |
| Enter build submenu | 107 | |
| Enter hero's abilities submenu | 4 | |
| Give item / drop item | 2 | |
| Remove unit from queue | 3 | |
| Right click | 1301 | |
| Select / deselect | 515 | |
| Select group hotkey | 330 | |
| Use ability | 243 | |
2688 total
» units
| Peasant | 12 | |
| Dragonhawk Rider | 14 | |
26 total
» upgrades
| Masonry | 3 | |
| Lumber Harvesting | 1 | |
| Magic Sentry | 1 | |
| Armor | 3 | |
| Swords | 3 | |
| Animal War Training | 1 | |
| Cloud | 1 | |
13 total
» buildings
| Altar of Kings | 1 | |
| Farm | 20 | |
| Lumber Mill | 2 | |
| Scout Tower | 110 | |
| Arcane Tower | 9 | |
| Guard Tower | 74 | |
| Keep | 1 | |
| Town Hall | 1 | |
| Arcane Sanctum | 1 | |
| Arcane Vault | 2 | |
| Gryphon Aviary | 3 | |
| Blacksmith | 1 | |
| Castle | 1 | |
| Barracks | 1 | |
227 total
» build order
00:06 Altar of Kings
00:09 Farm
00:20 Lumber Mill
00:44 Farm
01:13 Scout Tower
01:31 Scout Tower
01:42 Arcane Tower
01:45 Scout Tower
02:03 Arcane Tower
02:12 Guard Tower
02:20 Scout Tower
02:22 Scout Tower
02:25 Scout Tower
02:31 Scout Tower
02:46 Guard Tower
02:48 Scout Tower
02:52 Scout Tower
03:04 Guard Tower
03:05 Guard Tower
03:11 Guard Tower
03:39 Guard Tower
03:40 Scout Tower
03:42 Scout Tower
03:46 Scout Tower
03:49 Guard Tower
04:01 Keep
04:04 Scout Tower
04:06 Scout Tower
04:09 Scout Tower
04:11 Scout Tower
04:12 Guard Tower
04:13 Scout Tower
04:14 Guard Tower
04:16 Scout Tower
04:33 Scout Tower
04:35 Scout Tower
04:37 Scout Tower
05:11 Guard Tower
05:14 Scout Tower
05:15 Scout Tower
05:24 Arcane Tower
05:25 Guard Tower
05:25 Guard Tower
05:25 Guard Tower
05:28 Scout Tower
05:29 Scout Tower
05:30 Scout Tower
05:32 Guard Tower
05:33 Arcane Tower
05:52 Arcane Tower
05:52 Guard Tower
05:59 Arcane Tower
06:03 Guard Tower
06:35 Guard Tower
06:37 Scout Tower
06:38 Scout Tower
06:43 Guard Tower
06:47 Scout Tower
07:06 Scout Tower
07:08 Scout Tower
07:10 Guard Tower
07:52 Guard Tower
07:57 Scout Tower
08:55 Town Hall
09:05 Guard Tower
09:08 Scout Tower
09:09 Scout Tower
09:10 Scout Tower
09:12 Scout Tower
09:14 Scout Tower
09:16 Guard Tower
09:21 Scout Tower
09:21 Scout Tower
09:24 Scout Tower
09:25 Scout Tower
09:26 Scout Tower
09:28 Guard Tower
09:29 Guard Tower
09:43 Guard Tower
09:43 Guard Tower
10:07 Scout Tower
10:08 Scout Tower
10:09 Scout Tower
10:09 Scout Tower
10:12 Scout Tower
10:13 Scout Tower
10:14 Scout Tower
10:15 Scout Tower
10:20 Arcane Sanctum
10:22 Guard Tower
10:29 Arcane Vault
10:31 Guard Tower
10:31 Guard Tower
10:34 Gryphon Aviary
10:39 Farm
10:40 Farm
10:43 Farm
11:25 Guard Tower
11:29 Scout Tower
11:29 Scout Tower
11:36 Scout Tower
11:36 Scout Tower
11:37 Scout Tower
11:37 Scout Tower
12:14 Guard Tower
12:18 Gryphon Aviary
12:18 Guard Tower
12:19 Guard Tower
12:39 Farm
12:40 Farm
12:40 Farm
12:42 Blacksmith
12:43 Castle
13:31 Guard Tower
13:31 Guard Tower
13:45 Guard Tower
14:14 Scout Tower
14:15 Scout Tower
14:16 Scout Tower
14:26 Barracks
14:57 Guard Tower
15:01 Scout Tower
15:02 Scout Tower
15:02 Scout Tower
15:32 Guard Tower
15:32 Guard Tower
15:52 Scout Tower
16:03 Guard Tower
16:35 Guard Tower
16:35 Guard Tower
16:37 Guard Tower
17:48 Scout Tower
17:49 Scout Tower
19:57 Farm
19:57 Farm
19:58 Farm
19:59 Farm
20:00 Farm
20:06 Farm
20:06 Farm
20:07 Farm
20:08 Farm
20:09 Farm
21:30 Guard Tower
22:33 Lumber Mill
23:14 Guard Tower
26:26 Scout Tower
26:30 Scout Tower
26:31 Scout Tower
26:33 Scout Tower
26:36 Scout Tower
26:37 Scout Tower
26:38 Scout Tower
26:50 Scout Tower
26:51 Scout Tower
26:52 Scout Tower
27:00 Guard Tower
27:03 Scout Tower
27:04 Scout Tower
27:05 Scout Tower
27:07 Scout Tower
27:08 Guard Tower
27:09 Guard Tower
27:12 Scout Tower
27:13 Scout Tower
27:26 Scout Tower
27:27 Scout Tower
27:27 Scout Tower
27:32 Guard Tower
27:33 Guard Tower
27:38 Scout Tower
27:38 Scout Tower
27:42 Guard Tower
27:44 Guard Tower
27:46 Guard Tower
27:51 Guard Tower
28:10 Guard Tower
28:31 Guard Tower
28:31 Guard Tower
28:33 Scout Tower
28:34 Scout Tower
29:17 Arcane Tower
29:18 Guard Tower
29:20 Arcane Tower
29:21 Guard Tower
29:27 Guard Tower
29:38 Scout Tower
30:08 Guard Tower
30:11 Scout Tower
30:12 Scout Tower
30:22 Scout Tower
30:24 Scout Tower
30:27 Scout Tower
30:44 Guard Tower
30:50 Farm
30:51 Farm
30:59 Arcane Vault
31:03 Scout Tower
31:12 Guard Tower
31:14 Guard Tower
31:29 Guard Tower
31:33 Guard Tower
31:34 Scout Tower
31:35 Scout Tower
32:42 Scout Tower
32:43 Scout Tower
32:45 Scout Tower
33:07 Guard Tower
33:22 Gryphon Aviary
33:27 Scout Tower
33:31 Scout Tower
33:33 Scout Tower
33:38 Scout Tower
33:39 Scout Tower
33:50 Guard Tower
35:08 Guard Tower
35:09 Guard Tower
35:16 Scout Tower
35:16 Scout Tower
35:18 Scout Tower
35:19 Scout Tower
35:20 Scout Tower
36:23 Arcane Tower
36:24 Guard Tower
36:42 Guard Tower
» items
| Healing Salve | 3 | |
| Lesser Clarity Potion | 1 | |
| Staff of Sanctuary | 1 | |
| Scroll of Town Portal | 2 | |
| Staff of Teleportation | 1 | |
| Boots of Speed | 1 | |
9 total
bLinn (
teal | 56 APM | 3088 actions | 54:53)
7 Blademaster
3 Wind Walk
3 Critical Strike
1 Bladestorm
» actions
| Assign group hotkey | 261 | |
| Basic commands | 18 | |
| Build / train | 74 | |
| ESC pressed | 2 | |
| Enter build submenu | 54 | |
| Enter hero's abilities submenu | 7 | |
| Give item / drop item | 6 | |
| Right click | 1808 | |
| Select / deselect | 348 | |
| Select group hotkey | 259 | |
| Use ability | 249 | |
3088 total
» units
| Peon | 19 | |
| Troll Batrider | 12 | |
| Razormane Medicine Man | 1 | |
32 total
» upgrades
| Spiked Barricades | 2 | |
| Armor | 2 | |
| Liquid Fire | 1 | |
| Reinforced Defenses | 1 | |
6 total
» buildings
| Altar of Storms | 1 | |
| Orc Burrow | 6 | |
| War Mill | 1 | |
| Watch Tower | 30 | |
| Stronghold | 2 | |
| Voodoo Lounge | 2 | |
| Beastiary | 3 | |
| Fortress | 3 | |
48 total
» build order
00:03 Altar of Storms
00:13 Orc Burrow
00:20 War Mill
01:38 Watch Tower
01:56 Watch Tower
02:19 Watch Tower
02:25 Watch Tower
02:45 Watch Tower
02:51 Orc Burrow
03:44 Stronghold
03:45 Stronghold
03:49 Watch Tower
04:03 Voodoo Lounge
04:32 Watch Tower
05:16 Watch Tower
05:19 Watch Tower
05:36 Watch Tower
06:06 Beastiary
06:07 Beastiary
06:19 Orc Burrow
06:46 Watch Tower
06:49 Watch Tower
06:53 Beastiary
07:10 Watch Tower
07:56 Watch Tower
07:59 Watch Tower
08:00 Watch Tower
08:46 Voodoo Lounge
09:06 Watch Tower
10:11 Fortress
10:11 Fortress
10:12 Fortress
11:15 Watch Tower
11:24 Orc Burrow
11:27 Watch Tower
12:20 Watch Tower
26:00 Orc Burrow
26:00 Orc Burrow
31:55 Watch Tower
31:57 Watch Tower
31:59 Watch Tower
32:22 Watch Tower
33:09 Watch Tower
33:11 Watch Tower
33:12 Watch Tower
33:17 Watch Tower
33:18 Watch Tower
34:18 Watch Tower
» items
| Healing Salve | 5 | |
| Lesser Clarity Potion | 7 | |
| Boots of Speed | 1 | |
| Staff of Teleportation | 2 | |
| Orb of Lightning | 1 | |
| Scroll of Town Portal | 1 | |
17 total
DIRTMCWORDUP (
purple | 51 APM | 2806 actions | 54:46)
9 Warden
3 Shadow Strike
3 Blink
3 Fan of Knives
» actions
| Assign group hotkey | 25 | |
| Basic commands | 73 | |
| Build / train | 132 | |
| ESC pressed | 3 | |
| Enter build submenu | 23 | |
| Enter hero's abilities submenu | 10 | |
| Give item / drop item | 11 | |
| Remove unit from queue | 2 | |
| Right click | 1590 | |
| Select / deselect | 244 | |
| Select group hotkey | 449 | |
| Use ability | 243 | |
2806 total
» units
| Wisp | 31 | |
| Druid of the Talon | 63 | |
| Hippogryph | 2 | |
96 total
» upgrades
| Druid of the Talon Training | 2 | |
| Ultravision | 1 | |
| Well Spring | 1 | |
| Strength of the Wild | 3 | |
| Reinforced Hides | 3 | |
| Mark of the Talon | 1 | |
| Nature's Blessing | 1 | |
12 total
» buildings
| Altar of Elders | 1 | |
| Moon Well | 14 | |
| Tree of Ages | 1 | |
| Tree of Life | 1 | |
| Tree of Eternity | 1 | |
| Ancient of Wonders | 3 | |
| Ancient of Wind | 3 | |
| Hunter's Hall | 1 | |
25 total
» build order
00:04 Altar of Elders
00:22 Moon Well
00:54 Moon Well
05:12 Tree of Ages
06:06 Moon Well
06:09 Moon Well
06:34 Moon Well
06:46 Moon Well
07:21 Tree of Life
07:51 Tree of Eternity
07:54 Ancient of Wonders
07:55 Ancient of Wind
07:58 Ancient of Wonders
07:58 Ancient of Wind
08:02 Ancient of Wonders
10:29 Hunter's Hall
28:05 Ancient of Wind
28:51 Moon Well
28:52 Moon Well
29:58 Moon Well
29:59 Moon Well
31:50 Moon Well
31:55 Moon Well
35:17 Moon Well
35:21 Moon Well
» items
| Staff of Teleportation | 1 | |
| Boots of Speed | 1 | |
| Orb of Venom | 1 | |
| Healing Salve | 2 | |
| Lesser Clarity Potion | 3 | |
| Tiny Great Hall | 1 | |
9 total
Chat log
(01:05 / All) DIRTMCWORDUP: hey guys, u in for a long game
(01:08 / All) DIRTMCWORDUP: juss a heads up
(01:14 / All) yo_its_drew: aight thanks
(01:20 / All) rusted_alloy: k cool,
(01:20 / All) bLinn: a long, gruelling but fun game :)
(01:21 / All) DIRTMCWORDUP: you can quit now, save like 5-12 hours
(01:34 / All) yo_its_drew: towering?
(01:36 / All) rusted_alloy: i've been waiting all day
(01:38 / All) DIRTMCWORDUP: hm?
(01:42 / All) rusted_alloy: work sucks when wc is on your mind
(01:44 / All) bLinn: i don't follow
(01:49 / All) DIRTMCWORDUP: you gonna be waiting all week too........for us to have mercy on ur Soul
(01:57 / All) rusted_alloy: k good
(02:35 / All) DIRTMCWORDUP: Good Luck And Have Fun And Suck My Dog Dick
(02:41 / All) BEAR_AND: exucse me
(02:43 / All) BEAR_AND: are u noobs
(02:46 / All) DIRTMCWORDUP: j/k....about last part...NOT, psyche
(03:01 / All) DIRTMCWORDUP: late scout awoot & aw shoot
(03:09 / All) bLinn: the human psyche
(03:40 / All) bLinn: oops i forgot to get dust
(04:16 / All) DIRTMCWORDUP: pinko teh stinko
(04:24 / All) BEAR_AND: hey from
(04:26 / All) bLinn: anthony carmichael
(04:28 / All) DIRTMCWORDUP: frahm
(04:35 / All) DIRTMCWORDUP: pinko teh missing footmans
(04:45 / All) DIRTMCWORDUP: buh byes
(05:16 / All) DIRTMCWORDUP: curse u
(05:31 / All) bLinn: no mana? no manner.
(05:38 / Allies) DIRTMCWORDUP: no matter...
(05:41 / Allies) DIRTMCWORDUP: no manner, no matterr.
(05:43 / All) BEAR_AND: I aske u a question
(05:49 / All) BEAR_AND: where are u froma ll
(05:56 / All) bLinn: me kroatia
(06:06 / All) rusted_alloy: rome
(06:12 / All) BEAR_AND: u aint from rome
(06:13 / All) DIRTMCWORDUP: am from troy
(06:22 / All) rusted_alloy: no man rome montana
(06:36 / All) bLinn: i'm from kroatia, north carolina
(06:37 / All) DIRTMCWORDUP: *smily shy&
(06:47 / All) rusted_alloy: ive been there , got a cousin
(06:57 / All) bLinn: i've fuckerd her.
(07:02 / All) DIRTMCWORDUP: we so much alike *bat eye lash*
(07:08 / All) rusted_alloy: damn im sorry to hear
(07:15 / All) DIRTMCWORDUP: exit stage left
(07:30 / Allies) DIRTMCWORDUP: rack em
(08:11 / All) DIRTMCWORDUP: here he coma
(08:15 / All) DIRTMCWORDUP: here comea speed racer
(08:27 / All) bLinn: my namea blinn
(08:43 / All) DIRTMCWORDUP: Crikey, Mate.
(08:53 / All) bLinn: i place u in a lumber slumber.. *poog*
(09:54 / All) DIRTMCWORDUP: hey frankie and scottie lets chexpo
(10:01 / All) DIRTMCWORDUP: hum
(10:16 / All) DIRTMCWORDUP: Hum. Some Footiemen and some Sorceress And some Rifle Dwarfs
(10:43 / All) DIRTMCWORDUP: a woooooooooooooootabega
(13:23 / All) DIRTMCWORDUP: hatrk
(13:25 / All) DIRTMCWORDUP: hark
(13:26 / All) DIRTMCWORDUP: halt
(13:27 / All) DIRTMCWORDUP: stop
(13:29 / All) DIRTMCWORDUP: lets tlak this over
(13:31 / All) DIRTMCWORDUP: lets be civil
(13:32 / All) BEAR_AND: so
(13:33 / All) DIRTMCWORDUP: Sto
(13:34 / All) BEAR_AND: lets talk deals
(13:35 / All) DIRTMCWORDUP: nop
(13:35 / All) DIRTMCWORDUP: stoip
(13:38 / All) BEAR_AND: if you wsant to get a win
(13:41 / All) BEAR_AND: i propose $3
(13:44 / All) DIRTMCWORDUP: i want your unconditional surrender..
(13:47 / All) bLinn: stop the game
(14:35 / All) DIRTMCWORDUP: OI
(14:42 / All) DIRTMCWORDUP: YA FECKIN BANTHA PPOODOO
(15:57 / Allies) DIRTMCWORDUP: jesus christ....
(16:05 / Allies) DIRTMCWORDUP: do u accept him as ur lord ans aviour
(18:00 / All) DIRTMCWORDUP: The iron Raven the Nobel
(18:42 / All) BEAR_AND: Jesus christe
(19:34 / All) DIRTMCWORDUP: Flee
(19:50 / All) DIRTMCWORDUP: fly high........no lie............u know it.......
(19:53 / All) DIRTMCWORDUP: BAAAAALLLLLLINNNNN
(20:23 / All) DIRTMCWORDUP: stop
(20:27 / All) DIRTMCWORDUP: please i wish to creep
(20:31 / All) DIRTMCWORDUP: lay off teh siege
(20:36 / All) bLinn: no my leige
(21:33 / All) bLinn: are there any units capable of defeating a tower ?
(21:42 / All) DIRTMCWORDUP: *poinjt to crotch*
(21:44 / All) BEAR_AND: bopne dragon
(22:18 / All) BEAR_AND: im gonna hurl
(22:39 / All) bLinn: *talks a dump on ur acos bodys*
(25:49 / All) BEAR_AND: Nope
(25:49 / All) DIRTMCWORDUP: *heartily thanks u for losing teh game*
(29:16 / All) DIRTMCWORDUP: FUCK
(32:49 / All) DIRTMCWORDUP: manny.
(32:53 / All) BEAR_AND: u guys are retard
(33:46 / All) bLinn: hmm this game shorter than we expected :(
(36:46 / All) BEAR_AND: Hey BITCH
(36:49 / All) bLinn: i guess this game is over..
(37:17 / All) BEAR_AND: hoalwky shit
(37:54 / All) bLinn: Welcome to (6) Highperch.w3x
(38:17 / All) bLinn: hmm u haven't unsummoned yet?
(38:20 / All) bLinn: u will in time :)
(38:29 / All) BEAR_AND: a tp tries to save his peasant, the taste in ur mouth must be unpleasant
(38:56 / All) bLinn: this game seems to be in your favour- but will it last? will your luck waiver?
(39:12 / All) BEAR_AND: ur cannon dwarf takes one last shot, "where'd she go! she was in that spot!"
(39:36 / All) bLinn: moogul the sly appears without warning, your acos won't live to see the morning..
(39:46 / All) BEAR_AND: u know our base lies on the hill, for some reason you siege the ground still
(39:48 / All) DIRTMCWORDUP: you guys can quit
(40:17 / All) bLinn: the jig is up, you know our plan. but is that enough? i'll eat a flan.
(40:25 / All) BEAR_AND: "flaring is caring" red says to pink. the game's not lost, so these noobs think
(40:47 / All) BEAR_AND: but little do they know even if you can see it.,...in endgame terms that don't mean SHEEEIT
(40:51 / All) bLinn: "let's fly our gryphons and frosties round the side" a foolish move, you later decide...
(43:53 / All) yo_its_drew: you guys gonna come on down
(43:55 / All) yo_its_drew: D
(43:55 / All) shup_plz: d
(44:07 / All) shup_plz: sucks for him eh
(44:07 / All) bLinn: you foolish noobs this changes nothing, the game is over, i'll have a muffin
(45:14 / All) DIRTMCWORDUP: how many dicks doth thee sucketh at this moment in thyme
(45:23 / All) DIRTMCWORDUP: a: 53
(48:21 / All) DIRTMCWORDUP: do you guys want me to end your pain now.
(48:36 / All) bLinn: you realise at this point you can neither win by force nor by waiting us out
(48:43 / All) bLinn: save urself the embarrassment and leave now
(49:00 / All) rusted_alloy: ill wait all night
(49:12 / All) bLinn: do you think you're the first person to say that?
(49:20 / All) bLinn: you would be the only person who actually did if you did ( you won't )
(49:33 / All) rusted_alloy: k
(52:47 / All) DIRTMCWORDUP: listen her eu fuckin queer
(52:59 / All) DIRTMCWORDUP: quit this game you're really lame
(54:39 / All) DIRTMCWORDUP: all noobs may follow